[Event "Wednesday Jan 10 Engine Tour 9 Rd Swiss 12m+1s Starts at 1600hrs ST"]
[Site "Infinity Chess"]
[Date "2018.1.10"]
[Round "6"]
[White "MiKachomiKa QueeN"]
[Black "Thinker"]
[Result "1/2-1/2"]
[ECO "D37"]
[WhiteElo "2412"]
[BlackElo "2438"]
[WhiteEngine "stockfish_18010422_x64_modern_CTG"]
[BlackEngine "BrainFish_180106_x64_modern_CTG"]
[EventType "Swiss"]
[WhiteTeam ""]
[BlackTeam ""]
[PlyCount "71"]
[TimeControl "720+1"]

1. d4 d5 2. c4 e6 3. Nc3 Nf6 4. Nf3 Be7 5. Bf4 O-O 6. e3 Nbd7 7. Be2 dxc4 
8. Bxc4 a6 9. a4 Nb6 10. Bb3 Nbd5 11. Be5 b6 12. O-O Bb7 13. Qe2 a5 
14. Rac1 Nxc3 15. bxc3 Rc8 16. Bc4 Qd7 17. Bb5 c6 18. Bd3 c5 19. Rfd1 Bxf3 
20. gxf3 cxd4 21. Bb5 d3 22. Rxd3 Qb7 23. Rcd1 Rcd8 24. Rxd8 Rxd8 25. Rxd8+ Bxd8 
26. Qd1 Bc7 27. Qd4 h6 28. Bxf6 gxf6 29. Qxf6 Qd5 30. Qxh6 Qxf3 31. Qh4 Qd1+ 
32. Kg2 Qd5+ 33. Kf1 Qd1+ 34. Kg2 Qd5+ 35. Kf1 Qd1+ 36. Kg2 1/2-1/2

[Event "Wednesday Jan 10 Engine Tour 9 Rd Swiss 12m+1s Starts at 1600hrs ST"]
[Site "Infinity Chess"]
[Date "2018.1.10"]
[Round "6"]
[White "ivrdurant"]
[Black "MGR"]
[Result "1/2-1/2"]
[ECO "C77"]
[WhiteElo "2439"]
[BlackElo "2489"]
[WhiteEngine "Raubfisch X37b1."]
[BlackEngine "asmFishW_2017-11-19_bmi2"]
[EventType "Swiss"]
[WhiteTeam ""]
[BlackTeam ""]
[PlyCount "127"]
[TimeControl "720+1"]

1. e4 e5 2. Nf3 Nc6 3. Bb5 a6 4. Ba4 Nf6 5. O-O Be7 6. Re1 b5 7. Bb3 O-O 
8. a4 b4 9. d4 d6 10. dxe5 Nxe5 11. Nxe5 dxe5 12. Qe2 a5 13. Bg5 Qd4 14. c3 bxc3 
15. Nxc3 c6 16. Be3 Qd6 17. Red1 Qb8 18. Bc4 Ng4 19. Bd2 Bc5 20. Be1 Bd4 
21. Rac1 Nf6 22. Qc2 Ba6 23. Bxa6 Rxa6 24. Ne2 c5 25. Qd3 Ra7 26. Nxd4 cxd4 
27. Rc5 Rb7 28. Rdc1 Rxb2 29. f3 h6 30. Bxa5 Nd7 31. Rb5 Rxb5 32. axb5 Qa7 
33. Bb4 Rb8 34. Bd6 Rb6 35. Bc7 Re6 36. h4 Kh7 37. Qd2 Qa3 38. Rb1 Nb6 
39. h5 Qe7 40. Qc1 d3 41. Bxb6 Rxb6 42. Qe3 Qd6 43. Rd1 Rxb5 44. Qxd3 Qxd3 
45. Rxd3 g6 46. hxg6+ Kxg6 47. Rd6+ f6 48. g4 Rb2 49. Kf1 Kg5 50. Ra6 Rb1+ 
51. Ke2 Rb7 52. Kf2 Rb3 53. Kg3 Rb8 54. Ra7 Rg8 55. Ra6 Rb8 56. Ra7 Rg8 
57. Rc7 h5 58. gxh5 Kxh5+ 59. Kf2 f5 60. Re7 fxe4 61. Rxe5+ Rg5 62. Rxe4 Rg8 
63. Rf4 Rb8 64. Ra4 1/2-1/2

[Event "Wednesday Jan 10 Engine Tour 9 Rd Swiss 12m+1s Starts at 1600hrs ST"]
[Site "Infinity Chess"]
[Date "2018.1.10"]
[Round "6"]
[White "SkyPilot"]
[Black "Dovahkiin"]
[Result "1/2-1/2"]
[ECO "C11"]
[WhiteElo "2482"]
[BlackElo "2429"]
[WhiteEngine "stockfish_x64_bmi2_2018_01_01_CTG"]
[BlackEngine "BrainFish_180106_x64_modern_CTG"]
[EventType "Swiss"]
[WhiteTeam ""]
[BlackTeam ""]
[PlyCount "84"]
[TimeControl "720+1"]

1. e4 e6 2. d4 d5 3. Nc3 Nf6 4. e5 Nfd7 5. f4 c5 6. Nf3 Nc6 7. Be3 cxd4 
8. Nxd4 Qb6 9. Qd2 Qxb2 10. Rb1 Qa3 11. Bb5 Nxd4 12. Bxd4 a6 13. Bxd7+ Bxd7 
14. Rb3 Qe7 15. Rxb7 Rc8 16. O-O Qd8 17. Qf2 Rxc3 18. Bxc3 Qc8 19. Rb3 Ba4 
20. Bd4 Bxb3 21. axb3 Be7 22. c3 O-O 23. b4 Qc6 24. h4 h5 25. Qf3 g6 26. g4 hxg4 
27. Qxg4 Kh7 28. Kf2 a5 29. bxa5 Bc5 30. h5 Bxd4+ 31. cxd4 Qc3 32. hxg6+ fxg6 
33. Kg2 Qxa5 34. Qxe6 Qd2+ 35. Rf2 Qxd4 36. Qd7+ Kh6 37. Rf3 Qe4 38. Kg3 Qe1+ 
39. Kg2 Qe2+ 40. Kg3 Qe1+ 41. Kg2 Qe2+ 42. Kg3 Qe1+ 1/2-1/2

[Event "Wednesday Jan 10 Engine Tour 9 Rd Swiss 12m+1s Starts at 1600hrs ST"]
[Site "Infinity Chess"]
[Date "2018.1.10"]
[Round "6"]
[White "xeonrocks"]
[Black "Gilgamesch"]
[Result "1/2-1/2"]
[ECO "B53"]
[WhiteElo "2522"]
[BlackElo "2518"]
[WhiteEngine "asmFishW_CTG"]
[BlackEngine "BrainFish_171005_x64_bmi2"]
[EventType "Swiss"]
[WhiteTeam ""]
[BlackTeam ""]
[PlyCount "111"]
[TimeControl "720+1"]

1. e4 c5 2. Nf3 d6 3. d4 Nf6 4. Nc3 cxd4 5. Nxd4 a6 6. Be3 e5 7. Nb3 Be6 
8. f3 Be7 9. Qd2 Nbd7 10. g4 O-O 11. O-O-O b5 12. g5 Nh5 13. Kb1 Nb6 14. Na5 Rc8 
15. Rg1 g6 16. a3 Qc7 17. Nd5 Nxd5 18. exd5 Bd7 19. Bd3 Bd8 20. Nc6 Bxc6 
21. dxc6 d5 22. c3 Qxc6 23. Bc2 d4 24. cxd4 Bb6 25. Be4 Qd6 26. Qf2 Bxd4 
27. Bxd4 exd4 28. Rxd4 Qc5 29. h4 Rcd8 30. Rd2 Qxf2 31. Rxf2 Rd6 32. Rc2 h6 
33. Rc6 Rfd8 34. Rxd6 Rxd6 35. Kc2 hxg5 36. hxg5 Nf4 37. Rd1 Rxd1 38. Kxd1 Ne6 
39. Bb7 a5 40. Bc6 Nxg5 41. Kd2 Ne6 42. Ke3 Nc7 43. b3 f5 44. Kd4 Kf8 
45. Kc5 Ne6+ 46. Kxb5 Nd4+ 47. Kb6 Ke7 48. Ba8 g5 49. Kxa5 Nxb3+ 50. Kb5 Nd4+ 
51. Ka5 Nc2 52. a4 Kd6 53. Kb6 Nd4 54. Ka5 g4 55. fxg4 fxg4 56. Kb6 1/2-1/2

[Event "Wednesday Jan 10 Engine Tour 9 Rd Swiss 12m+1s Starts at 1600hrs ST"]
[Site "Infinity Chess"]
[Date "2018.1.10"]
[Round "6"]
[White "THE_MACHINE"]
[Black "Marsell"]
[Result "1/2-1/2"]
[ECO "C58"]
[WhiteElo "2533"]
[BlackElo "2476"]
[WhiteEngine "Houdini 6"]
[BlackEngine "asmFishW_2017-12-07_popcnt"]
[EventType "Swiss"]
[WhiteTeam ""]
[BlackTeam ""]
[PlyCount "129"]
[TimeControl "720+1"]

1. e4 e5 2. Nf3 Nc6 3. Bc4 Nf6 4. Ng5 d5 5. exd5 Na5 6. Bb5+ c6 7. dxc6 bxc6 
8. Be2 h6 9. Nh3 Qc7 10. O-O Bc5 11. Kh1 O-O 12. d3 Nb7 13. Nc3 Rd8 14. Qe1 Nd6 
15. f4 e4 16. dxe4 Nfxe4 17. Nxe4 Nxe4 18. Bd3 Nf6 19. f5 Re8 20. Qh4 Be3 
21. Nf4 Bxc1 22. Raxc1 Qb6 23. Nh5 Nxh5 24. Qxh5 Qxb2 25. Qh4 Qf6 26. Qxf6 gxf6 
27. Rfe1 Bd7 28. Kg1 Kf8 29. Kf2 Rab8 30. Rxe8+ Bxe8 31. c4 Rb4 32. Rc3 Ra4 
33. a3 c5 34. Be4 Ra6 35. Rh3 Ke7 36. Re3 Kf8 37. Kg3 Ba4 38. Kh4 Bd1 39. g4 Rb6 
40. Re1 Ba4 41. Kh5 Rb3 42. h4 Rg3 43. Bd5 Bb3 44. a4 a5 45. Kxh6 Rxg4 
46. h5 Bxa4 47. Rb1 Be8 48. Rb6 Ke7 49. Bc6 Bxc6 50. Rxc6 Rxc4 51. Rc7+ Kd6 
52. Rxf7 Ke5 53. Ra7 Kxf5 54. Kg7 a4 55. h6 Rg4+ 56. Kf7 Rb4 57. h7 Rh4 
58. Kg8 Rg4+ 59. Kf7 Rh4 60. Kg8 a3 61. h8=Q Rxh8+ 62. Kxh8 a2 63. Rxa2 Ke4 
64. Ra1 Kd4 65. Rb1 1/2-1/2

[Event "Wednesday Jan 10 Engine Tour 9 Rd Swiss 12m+1s Starts at 1600hrs ST"]
[Site "Infinity Chess"]
[Date "2018.1.10"]
[Round "5"]
[White "miguello"]
[Black "ocirema"]
[Result "1/2-1/2"]
[ECO "D31"]
[WhiteElo "2394"]
[BlackElo "2407"]
[WhiteEngine "asmFishW_2017-11-19_popcnt_CTG"]
[BlackEngine "stockfish_18010422_x64_modern_CTG"]
[EventType "Swiss"]
[WhiteTeam ""]
[BlackTeam ""]
[PlyCount "76"]
[TimeControl "720+1"]

1. d4 d5 2. c4 e6 3. Nc3 c6 4. Nf3 Nf6 5. e3 Nbd7 6. Qc2 Bd6 7. Bd3 O-O 
8. O-O dxc4 9. Bxc4 b5 10. Be2 Bb7 11. Rd1 Qc7 12. e4 e5 13. Bg5 exd4 
14. Rxd4 Ne5 15. Bxf6 gxf6 16. g3 Bc5 17. Rd2 Rad8 18. Nh4 Bc8 19. Rxd8 Rxd8 
20. Kg2 b4 21. Na4 Bf8 22. b3 c5 23. Nb2 Nc6 24. Rd1 Nd4 25. Qd2 f5 
26. Nxf5 Bxf5 27. exf5 Qb7+ 28. Kg1 Qe7 29. Kf1 Qe4 30. Qg5+ Kh8 31. Qf6+ Kg8 
32. Qg5+ Kh8 33. Qf6+ Kg8 34. Bf3 Qxf3 35. Qg5+ Kh8 36. Qf6+ Kg8 37. Qg5+ Kh8 
38. Qf6+ Kg8 1/2-1/2

[Event "Wednesday Jan 10 Engine Tour 9 Rd Swiss 12m+1s Starts at 1600hrs ST"]
[Site "Infinity Chess"]
[Date "2018.1.10"]
[Round "5"]
[White "Klaus"]
[Black "KULLANI"]
[Result "1/2-1/2"]
[ECO "C50"]
[WhiteElo "2419"]
[BlackElo "2420"]
[WhiteEngine "asmFishW_2017-11-19_bmi2"]
[BlackEngine "BrainFish_180106_x64_CTG"]
[EventType "Swiss"]
[WhiteTeam ""]
[BlackTeam ""]
[PlyCount "83"]
[TimeControl "720+1"]

1. e4 e5 2. Nf3 Nc6 3. Bc4 Bc5 4. O-O Nf6 5. d3 d6 6. c3 a5 7. Bg5 O-O 8. a4 h6 
9. Bh4 g5 10. Bg3 Kg7 11. Na3 Ne7 12. Nc2 Bb6 13. Ne3 Ng6 14. Bb3 Bxe3 
15. fxe3 Nh5 16. Be1 g4 17. Nd2 Qg5 18. Qe2 f5 19. exf5 Bxf5 20. g3 e4 
21. d4 Ne7 22. c4 Nf6 23. Bc2 b6 24. Rf4 d5 25. Rc1 Qg6 26. cxd5 Nexd5 
27. Rf2 Nb4 28. Nc4 Nd3 29. Bxd3 exd3 30. Qf1 Ne4 31. Ne5 Nxf2 32. Nxg6 Nh3+ 
33. Qxh3 gxh3 34. Nxf8 Rxf8 35. Rxc7+ Kg6 36. d5 Be4 37. Rc4 Bxd5 38. Rg4+ Kh5 
39. Rh4+ Kg6 40. Rg4+ Kh5 41. Rh4+ Kg6 42. Rg4+ 1/2-1/2

[Event "Wednesday Jan 10 Engine Tour 9 Rd Swiss 12m+1s Starts at 1600hrs ST"]
[Site "Infinity Chess"]
[Date "2018.1.10"]
[Round "5"]
[White "Vimtiroba"]
[Black "RonWeasley"]
[Result "1/2-1/2"]
[ECO "C00"]
[WhiteElo "2459"]
[BlackElo "2435"]
[WhiteEngine "CChess@Extended_CTG"]
[BlackEngine "BrainFish 060118_CTG"]
[EventType "Swiss"]
[WhiteTeam ""]
[BlackTeam ""]
[PlyCount "79"]
[TimeControl "720+1"]

1. e4 e6 2. Nc3 d5 3. d4 Nf6 4. e5 Nfd7 5. f4 c5 6. Nf3 Nc6 7. Be3 cxd4 
8. Nxd4 Qb6 9. a3 Bc5 10. Ncb5 a6 11. Nxc6 axb5 12. Bxc5 Nxc5 13. Nd4 Bd7 
14. c3 O-O 15. Be2 f6 16. exf6 Rxf6 17. Qc1 Qd6 18. O-O Raf8 19. Qe3 Rxf4 
20. Nxb5 Rxf1+ 21. Rxf1 Bxb5 22. Rxf8+ Kxf8 23. Bxb5 Ke7 24. a4 h6 25. g3 Nb3 
26. Kf2 e5 27. Kg2 d4 28. Qf3 Nc5 29. b4 e4 30. Qe2 Ne6 31. Qxe4 dxc3 
32. Qxb7+ Kd8 33. Qa8+ Ke7 34. Qb7+ Kd8 35. Qa8+ Ke7 36. Qa7+ Kf6 37. Qf2+ Ke7 
38. Qa7+ Kf6 39. Qf2+ Ke7 40. Qa7+ 1/2-1/2

[Event "Wednesday Jan 10 Engine Tour 9 Rd Swiss 12m+1s Starts at 1600hrs ST"]
[Site "Infinity Chess"]
[Date "2018.1.10"]
[Round "5"]
[White "MiKachomiKa QueeN"]
[Black "angriff"]
[Result "1/2-1/2"]
[ECO "B00"]
[WhiteElo "2412"]
[BlackElo "2407"]
[WhiteEngine "stockfish_18010422_x64_modern_CTG"]
[BlackEngine "SF_64BIT_POPCNT_CTG"]
[EventType "Swiss"]
[WhiteTeam ""]
[BlackTeam ""]
[PlyCount "59"]
[TimeControl "720+1"]

1. e4 Nc6 2. d4 d5 3. e5 Bf5 4. c3 e6 5. Nd2 f6 6. f4 g5 7. Ngf3 gxf4 
8. Bb5 fxe5 9. dxe5 Nge7 10. Nd4 Rg8 11. Qh5+ Bg6 12. Qh3 Qd7 13. Qxe6 O-O-O 
14. O-O a6 15. Ba4 Bf5 16. Qxd7+ Bxd7 17. Bxc6 Nxc6 18. e6 Be8 19. N2b3 Nxd4 
20. Nxd4 Bg6 21. Bxf4 Be4 22. Rf2 Re8 23. g3 Rg6 24. Be5 c5 25. Rf7 cxd4 
26. Rc7+ Kd8 27. Rd7+ Kc8 28. Rc7+ Kd8 29. Rd7+ Kc8 30. Rc7+ 1/2-1/2

[Event "Wednesday Jan 10 Engine Tour 9 Rd Swiss 12m+1s Starts at 1600hrs ST"]
[Site "Infinity Chess"]
[Date "2018.1.10"]
[Round "5"]
[White "Dovahkiin"]
[Black "MarioDeMonti"]
[Result "1-0"]
[ECO "A00"]
[WhiteElo "2412"]
[BlackElo "2427"]
[WhiteEngine "BrainFish_180106_x64_modern_CTG"]
[BlackEngine "stockfish_x64_bmi2_2017_12_26_CTG"]
[EventType "Swiss"]
[WhiteTeam ""]
[BlackTeam ""]
[PlyCount "175"]
[TimeControl "720+1"]

1. e3 e5 2. e4 Nf6 3. Nc3 Bc5 4. Bc4 c6 5. Nf3 d6 6. d3 O-O 7. a4 Re8 
8. O-O Nbd7 9. h3 h6 10. Be3 a5 11. Bxc5 Nxc5 12. Re1 Be6 13. Bxe6 Nxe6 
14. b3 Qb6 15. Ne2 g6 16. Qc1 Kg7 17. Qb2 Re7 18. Nd2 Qc7 19. Nc4 b5 
20. axb5 cxb5 21. Ne3 Qd8 22. b4 a4 23. Reb1 Rb7 24. c4 bxc4 25. Nxc4 Qc7 
26. Qc3 d5 27. Na5 Rba7 28. Nc6 d4 29. Qc4 Rb7 30. Rc1 Rb6 31. b5 a3 
32. Rcb1 Qd6 33. f4 Nd7 34. fxe5 Nxe5 35. Qd5 Qxd5 36. exd5 a2 37. Rb2 Nxc6 
38. dxc6 Kf6 39. Ng3 Ke5 40. Ne4 Ra5 41. Re2 Ra8 42. Ng5+ Kf6 43. Ne4+ Ke5 
44. Nd2+ Kf6 45. Kh2 Nc7 46. Rf1+ Kg7 47. Re7 Nxb5 48. Rfxf7+ Kh8 49. Rh7+ Kg8 
50. Reg7+ Kf8 51. Rd7 Kg8 52. Rhg7+ Kh8 53. Rh7+ Kg8 54. Nc4 Rxc6 55. Rdg7+ Kf8 
56. Ne5 Rd6 57. Rf7+ Kg8 58. Rfg7+ Kf8 59. Nd7+ Rxd7 60. Rxd7 Kg8 61. Rdg7+ Kf8 
62. Rh8+ Kxg7 63. Rxa8 Nc3 64. Ra6 h5 65. Kg3 Kh6 66. h4 Ne2+ 67. Kf3 Nc3 
68. Ra7 Nd5 69. Rxa2 Nb4 70. Rd2 Nc6 71. Ke4 Ne7 72. Kxd4 Nf5+ 73. Kc5 Kg7 
74. d4 Ng3 75. Kc6 Ne4 76. Rb2 Nf6 77. d5 Ng4 78. Re2 Nh6 79. d6 Kf8 80. d7 Nf7 
81. Rf2 Kg7 82. Rxf7+ Kxf7 83. d8=Q g5 84. hxg5 Kg7 85. Qf6+ Kg8 86. g6 h4 
87. Qf7+ Kh8 88. Qh7# 1-0

[Event "Wednesday Jan 10 Engine Tour 9 Rd Swiss 12m+1s Starts at 1600hrs ST"]
[Site "Infinity Chess"]
[Date "2018.1.10"]
[Round "5"]
[White "Thinker"]
[Black "MGR"]
[Result "1/2-1/2"]
[ECO "C50"]
[WhiteElo "2436"]
[BlackElo "2491"]
[WhiteEngine "BrainFish_180106_x64_modern_CTG"]
[BlackEngine "asmFishW_2017-11-19_bmi2"]
[EventType "Swiss"]
[WhiteTeam ""]
[BlackTeam ""]
[PlyCount "104"]
[TimeControl "720+1"]

1. e4 e5 2. Nf3 Nc6 3. Bc4 Bc5 4. d3 Nf6 5. c3 d6 6. O-O O-O 7. Bg5 h6 8. Bh4 a6 
9. b4 Ba7 10. a4 g5 11. Bg3 Ne7 12. Nbd2 Kg7 13. d4 Nh5 14. Kh1 g4 15. Nh4 exd4 
16. Rc1 dxc3 17. Rxc3 Bd4 18. Rd3 Nxg3+ 19. fxg3 Be5 20. a5 Rb8 21. Bb3 Nc6 
22. Nf5+ Kh7 23. Qxg4 Nxb4 24. Nf3 Nxd3 25. Nxe5 Qg5 26. Qxg5 hxg5 27. Nxd3 b6 
28. h4 bxa5 29. Ba4 Bxf5 30. Rxf5 c5 31. Kh2 c4 32. Ne1 gxh4 33. gxh4 Rb2 
34. Rxa5 Re2 35. Nf3 c3 36. Nd4 Rd2 37. Rh5+ Kg6 38. Rd5 Kh7 39. Bc2 Rg8 
40. e5+ Kh8 41. exd6 Rdxg2+ 42. Kh1 Rg1+ 43. Kh2 R1g2+ 44. Kh1 f5 45. Rxf5 Rg1+ 
46. Kh2 R1g2+ 47. Kh1 Rg1+ 48. Kh2 R8g2+ 49. Kh3 Rg3+ 50. Kh2 R3g2+ 51. Kh3 Rg3+ 
52. Kh2 R3g2+ 1/2-1/2

[Event "Wednesday Jan 10 Engine Tour 9 Rd Swiss 12m+1s Starts at 1600hrs ST"]
[Site "Infinity Chess"]
[Date "2018.1.10"]
[Round "5"]
[White "Marsell"]
[Black "Satria_Ungu"]
[Result "1-0"]
[ECO "C55"]
[WhiteElo "2462"]
[BlackElo "2403"]
[WhiteEngine "asmFishW_2017-12-07_popcnt"]
[BlackEngine "Houdini 6_CTG"]
[EventType "Swiss"]
[WhiteTeam ""]
[BlackTeam ""]
[PlyCount "141"]
[TimeControl "720+1"]

1. e4 e5 2. Nf3 Nc6 3. Bc4 Nf6 4. d3 Bc5 5. c3 d6 6. O-O O-O 7. h3 h6 8. Re1 a5 
9. Nbd2 Be6 10. b3 Rb8 11. a4 Ba7 12. Bb5 Nh5 13. Ra2 f5 14. d4 fxe4 
15. Nxe4 exd4 16. Nfg5 Nf4 17. Bxf4 Bd5 18. c4 Bxe4 19. Ne6 Qf6 20. Rxe4 Rbe8 
21. Qe1 Rxe6 22. Rxe6 Qxf4 23. Bxc6 bxc6 24. Qxa5 Qc1+ 25. Qe1 Qxe1+ 
26. Rxe1 Rb8 27. a5 Kf7 28. Rae2 Rxb3 29. Re7+ Kg6 30. Rxc7 Bc5 31. Ra1 d3 
32. a6 d2 33. Rd1 Rb6 34. a7 Ra6 35. Rxd2 Kh7 36. Rb7 Ra1+ 37. Kh2 Bxa7 
38. Rxd6 Bxf2 39. Rdd7 Bg1+ 40. Kg3 Ra3+ 41. Kg4 h5+ 42. Kxh5 Rg3 43. Rd6 Be3 
44. Rd3 Rg5+ 45. Kh4 Re5 46. Kg3 Bh6 47. Rd4 Re6 48. Rg4 Kg8 49. Rc7 Kf8 
50. h4 Ke8 51. c5 Kf8 52. Kh3 Kg8 53. g3 Kh7 54. Rd4 Bc1 55. Rd6 Re3 
56. Rcxc6 Bb2 57. Re6 Be5 58. Kg2 Re2+ 59. Kf3 Re1 60. Re8 Rf1+ 61. Kg2 Re1 
62. Rce6 Re2+ 63. Kh3 Re1 64. Rxe5 Rc1 65. Kg4 Ra1 66. Kh5 Ra7 67. g4 g5 
68. R8e7+ Rxe7 69. Rxe7+ Kh8 70. Kg6 gxh4 71. Re8# 1-0

[Event "Wednesday Jan 10 Engine Tour 9 Rd Swiss 12m+1s Starts at 1600hrs ST"]
[Site "Infinity Chess"]
[Date "2018.1.10"]
[Round "5"]
[White "SkyPilot"]
[Black "ivrdurant"]
[Result "1/2-1/2"]
[ECO "C55"]
[WhiteElo "2484"]
[BlackElo "2437"]
[WhiteEngine "stockfish_x64_bmi2_2018_01_01_CTG"]
[BlackEngine "Raubfisch X37b1."]
[EventType "Swiss"]
[WhiteTeam ""]
[BlackTeam ""]
[PlyCount "122"]
[TimeControl "720+1"]

1. e4 e5 2. Nf3 Nc6 3. Bc4 Nf6 4. d3 Bc5 5. c3 d6 6. O-O O-O 7. h3 a5 
8. Nbd2 Be6 9. Bb5 h6 10. Re1 Qb8 11. Nf1 Qa7 12. Re2 a4 13. Ng3 Qa5 
14. Bxc6 bxc6 15. Nh4 Rfe8 16. Re1 d5 17. exd5 cxd5 18. Rxe5 Bf8 19. Qc2 c5 
20. Bd2 Qc7 21. Re2 c4 22. a3 cxd3 23. Qxd3 Reb8 24. Bc1 d4 25. cxd4 Rb3 
26. Qd1 Qb7 27. Nhf5 Qd7 28. Ne3 Rc8 29. Re1 Bd6 30. Nh5 Qd8 31. d5 Bd7 
32. Qe2 Rc5 33. Rb1 Qe7 34. Bd2 Nxd5 35. Rbd1 Bc7 36. Ng3 Bxg3 37. fxg3 Qe5 
38. Nxd5 Qxe2 39. Nf6+ gxf6 40. Rxe2 Rxb2 41. Be3 Rxe2 42. Bxc5 Bc6 43. Bf2 f5 
44. Rd8+ Kh7 45. Rd6 Re6 46. Rxe6 fxe6 47. g4 fxg4 48. hxg4 Kg6 49. Be3 h5 
50. gxh5+ Kxh5 51. Bd4 Kg4 52. Bc5 Kf5 53. Bf2 Ke4 54. Bc5 Bd5 55. Bd6 Bc4 
56. Kf2 Kd4 57. g3 e5 58. Bxe5+ Kxe5 59. Ke3 Bf1 60. g4 Ke6 61. g5 Ke5 1/2-1/2

[Event "Wednesday Jan 10 Engine Tour 9 Rd Swiss 12m+1s Starts at 1600hrs ST"]
[Site "Infinity Chess"]
[Date "2018.1.10"]
[Round "5"]
[White "xeonrocks"]
[Black "THE_MACHINE"]
[Result "1/2-1/2"]
[ECO "C50"]
[WhiteElo "2522"]
[BlackElo "2533"]
[WhiteEngine "asmFishW_CTG"]
[BlackEngine "Houdini 6"]
[EventType "Swiss"]
[WhiteTeam ""]
[BlackTeam ""]
[PlyCount "133"]
[TimeControl "720+1"]

1. e4 e5 2. Nf3 Nc6 3. Bc4 Bc5 4. O-O Nf6 5. d3 d6 6. c3 O-O 7. h3 a5 8. Nbd2 h6 
9. Re1 Be6 10. a4 Ba7 11. b3 d5 12. exd5 Nxd5 13. Ne4 Re8 14. Bd2 Nf6 
15. Qe2 Qe7 16. Rab1 Rad8 17. Bb5 Bd5 18. c4 Bxe4 19. dxe4 Rxd2 20. Qxd2 Rd8 
21. Qe2 Nd4 22. Nxd4 Rxd4 23. c5 Bxc5 24. Qf3 g6 25. Rbd1 Rb4 26. Rc1 Bd4 
27. g3 c6 28. Bc4 Kg7 29. Kg2 h5 30. Be2 Ne8 31. Rc4 Rb6 32. Rf1 Qa3 33. Rb1 c5 
34. Qd3 Rf6 35. Rf1 h4 36. Rc2 Nd6 37. gxh4 Rf4 38. h5 g5 39. Bd1 Nxe4 
40. Qc4 Qb4 41. Bf3 Nd6 42. Qxb4 axb4 43. a5 c4 44. bxc4 b3 45. Re2 e4 
46. Bg4 Nxc4 47. Rb1 Nxa5 48. Rd2 Bc5 49. Rd5 Rxf2+ 50. Kg3 Rc2 51. Rxg5+ Kh8 
52. Rd5 b6 53. Bf5 Nc4 54. Bxe4 Rc3+ 55. Kf4 Kg7 56. Bd3 Na3 57. Rb2 Nc2 
58. Rd7 Be3+ 59. Ke5 Bc1 60. Rxb3 Rxb3 61. Bxc2 Rxh3 62. Bg6 Rf3 63. Rb7 Rf6 
64. Bxf7 Rxf7 65. h6+ Bxh6 66. Rxb6 Bg5 67. Rb1 1/2-1/2

[Event "Wednesday Jan 10 Engine Tour 9 Rd Swiss 12m+1s Starts at 1600hrs ST"]
[Site "Infinity Chess"]
[Date "2018.1.10"]
[Round "4"]
[White "KULLANI"]
[Black "Vimtiroba"]
[Result "1/2-1/2"]
[ECO "C50"]
[WhiteElo "2418"]
[BlackElo "2461"]
[WhiteEngine "BrainFish_180106_x64_CTG"]
[BlackEngine "CChess@Extended_CTG"]
[EventType "Swiss"]
[WhiteTeam ""]
[BlackTeam ""]
[PlyCount "30"]
[TimeControl "720+1"]

1. e4 e5 2. Nf3 Nc6 3. Bc4 Bc5 4. O-O Nf6 5. d3 d6 6. c3 O-O 7. Bg5 h6 8. Bh4 a5 
9. a4 g5 10. Bg3 Kg7 11. Nbd2 Ba7 12. Nb3 Be6 13. Nbd2 Bc8 14. Nb3 Bb6 
15. Nbd2 Ba7 1/2-1/2

[Event "Wednesday Jan 10 Engine Tour 9 Rd Swiss 12m+1s Starts at 1600hrs ST"]
[Site "Infinity Chess"]
[Date "2018.1.10"]
[Round "4"]
[White "ocirema"]
[Black "angriff"]
[Result "1/2-1/2"]
[ECO "B00"]
[WhiteElo "2407"]
[BlackElo "2407"]
[WhiteEngine "stockfish_18010422_x64_modern_CTG"]
[BlackEngine "SF_64BIT_POPCNT_CTG"]
[EventType "Swiss"]
[WhiteTeam ""]
[BlackTeam ""]
[PlyCount "113"]
[TimeControl "720+1"]

1. e4 Nc6 2. d4 d5 3. e5 Bf5 4. c3 e6 5. Nf3 f6 6. Bb5 Nge7 7. exf6 gxf6 
8. Nh4 Bg6 9. O-O a6 10. Be2 Bf7 11. Nd2 Ng6 12. Ndf3 e5 13. Nxg6 hxg6 
14. dxe5 Nxe5 15. h3 Bd6 16. Nxe5 fxe5 17. Qb3 Qf6 18. Qxb7 O-O 19. Qb3 e4 
20. Qd1 c5 21. Be3 Rad8 22. Qd2 Be6 23. Rad1 a5 24. Bg5 Qe5 25. g3 Rd7 
26. Bh6 Rff7 27. Bb5 Rd8 28. Qg5 Qxg5 29. Bxg5 Be7 30. Bxe7 Rxe7 31. Rfe1 Bf7 
32. h4 Kg7 33. Ba4 g5 34. hxg5 Bh5 35. Rd2 d4 36. Bb5 Bf3 37. Be2 Bxe2 
38. Rdxe2 d3 39. Rd2 Kg6 40. b3 Kxg5 41. Re3 Rde8 42. f3 exf3 43. Rxf3 Re1+ 
44. Kf2 R8e2+ 45. Rxe2 Rxe2+ 46. Kf1 Rxa2 47. Rxd3 Kg4 48. Re3 Ra3 49. Ke2 Rxb3 
50. Kd2 Kf5 51. Kd3 a4 52. g4+ Kxg4 53. Re4+ Kf3 54. Rxa4 Rb8 55. Ra5 Rd8+ 
56. Kc2 Rc8 57. Kb3 1/2-1/2

[Event "Wednesday Jan 10 Engine Tour 9 Rd Swiss 12m+1s Starts at 1600hrs ST"]
[Site "Infinity Chess"]
[Date "2018.1.10"]
[Round "4"]
[White "Dovahkiin"]
[Black "MiKachomiKa QueeN"]
[Result "1/2-1/2"]
[ECO ""]
[WhiteElo "2412"]
[BlackElo "2412"]
[WhiteEngine "BrainFish_180106_x64_modern_CTG"]
[BlackEngine "stockfish_18010422_x64_modern_CTG"]
[EventType "Swiss"]
[WhiteTeam ""]
[BlackTeam ""]
[PlyCount "43"]
[TimeControl "720+1"]

1. e3 d5 2. d3 c5 3. d4 Nc6 4. c3 e5 5. dxe5 Nxe5 6. Bb5+ Bd7 7. Qxd5 Bxb5 
8. Qxe5+ Be7 9. Na3 Ba4 10. b3 Qd3 11. Bd2 Bc6 12. f3 Rd8 13. O-O-O Qa6 
14. Kb2 c4 15. b4 Ba4 16. Ne2 Nf6 17. Nd4 Bxd1 18. Rxd1 Nd7 19. Qe4 Nf6 
20. Qe5 Nd7 21. Qe4 Nf6 22. Qe5 1/2-1/2

[Event "Wednesday Jan 10 Engine Tour 9 Rd Swiss 12m+1s Starts at 1600hrs ST"]
[Site "Infinity Chess"]
[Date "2018.1.10"]
[Round "4"]
[White "ivrdurant"]
[Black "miguello"]
[Result "1-0"]
[ECO "B06"]
[WhiteElo "2421"]
[BlackElo "2410"]
[WhiteEngine "Raubfisch X37b1."]
[BlackEngine "asmFishW_2017-11-19_popcnt_CTG"]
[EventType "Swiss"]
[WhiteTeam ""]
[BlackTeam ""]
[PlyCount "157"]
[TimeControl "720+1"]

1. e4 g6 2. d4 Bg7 3. Nf3 d6 4. c3 Nf6 5. Bd3 O-O 6. O-O c5 7. h3 Qc7 8. Re1 h6 
9. a4 Nc6 10. d5 Ne5 11. Nxe5 dxe5 12. c4 Ne8 13. b3 Nd6 14. Bb2 e6 15. Nc3 Bd7 
16. dxe6 Bxe6 17. Nd5 Qd8 18. Qd2 Re8 19. Rad1 Bxd5 20. cxd5 Rc8 21. Rc1 f5 
22. Rc3 Qd7 23. exf5 e4 24. Be2 Qxf5 25. Bg4 Qg5 26. Qc2 Rc7 27. Be6+ Kh7 
28. Rg3 Qe7 29. Bc1 Qf6 30. Rg4 Qc3 31. Qxc3 Bxc3 32. Bf4 Rd8 33. Rxe4 Bf6 
34. Re1 b6 35. Bh2 Rb7 36. Rf4 Kg7 37. h4 Nf7 38. Kf1 a6 39. Rg4 b5 
40. axb5 axb5 41. Rc1 Ne5 42. Bxe5 Bxe5 43. f4 h5 44. Rxg6+ Kxg6 45. fxe5 Re8 
46. Rxc5 Rxe6 47. dxe6 Kf5 48. e7 Rxe7 49. Rxb5 Rg7 50. Kf2 Rc7 51. e6+ Kxe6 
52. Rxh5 Rf7+ 53. Kg3 Rf8 54. Rb5 Rf1 55. h5 Kf6 56. Kg4 Rf2 57. g3 Rg2 
58. Rb6+ Kg7 59. Kh4 Rc2 60. h6+ Kh7 61. g4 Rc1 62. Kh5 Rh1+ 63. Kg5 Ra1 
64. Rb7+ Kg8 65. Kh5 Ra5+ 66. g5 Kh8 67. Kg4 Ra6 68. Rb5 Ra1 69. g6 Rg1+ 
70. Kf5 Rf1+ 71. Ke4 Re1+ 72. Kf3 Re8 73. Kg4 Rc8 74. Kg5 Rg8 75. Rf5 Rc8 
76. h7 Rg8 77. hxg8=Q+ Kxg8 78. Kh6 Kh8 79. Rf8# 1-0